 Dungeon Crawl Stone Soup version 0.31.0-9-g3a7656b989 (webtiles) character file.

Game seed: 17649769726653321866

709 qw the Shooter (level 7, -3/35 HPs)
             Began as a Spriggan Hunter on Feb 2, 2024.
             Slain by a scorpion (7 damage)
             ... on level 5 of the Dungeon.
             The game lasted 00:00:14 (3297 turns).

qw the Shooter (Spriggan Hunter)                    Turns: 3297, Time: 00:00:14

Health: -3/35      AC:  2    Str:  7    XL:     7   Next: 40%
Magic:  8/8        EV: 22    Int: 11    God:
Gold:   120        SH:  0    Dex: 20    Spells: 6/6 levels left

rFire   . . .        a - +0 shortbow
rCold   . . .        (shield currently unavailable)
rNeg    . . .        c - +0 robe
rPois   .            (helmet restricted)
rElec   .            (no cloak)
rCorr   .            (gloves unavailable)
SInv    +            (boots unavailable)
Will    +....        (no amulet)
Stlth   +            (no ring)
HPRegen 0.25/turn    (no ring)
MPRegen 0.11/turn

%: no passive effects
@: on fire, glowing, very quick
A: very small, no large weapons, unfitting armour, see invisible, speed 3
a: no special abilities


You were on level 5 of the Dungeon.
You visited 2 branches of the dungeon, and saw 6 of its levels.

You collected 120 gold pieces.


Innate Abilities, Weirdness & Mutations

You are very small and have problems with some larger weapons.
You are too small for most types of armour.
You have supernaturally acute eyesight. (SInv)
You cover ground extremely quickly. (Speed+++)


   Skills:
 - Level 2.3 Fighting
 + Level 7.3 Ranged Weapons
 - Level 7.0 Dodging
 - Level 1.5 Stealth


You had 6 spell levels left.
You didn't know any spells.
Your spell library was empty.

Inventory:

Hand Weapons
 a - a +0 shortbow (weapon)
Armour
 c - a +0 robe (worn)
Wands
 g - a wand of polymorph (1)
 k - a wand of flame (18)
Potions
 b - a potion of enlightenment {unknown}
 d - a potion of haste {unknown}
 e - a potion of resistance
 f - a potion of heal wounds
 j - a potion of cancellation
 l - a potion of magic {unknown}

Dungeon Overview and Level Annotations

Branches:
Dungeon (5/15)             Temple (1/1) D:4

Altars:
Ashenzari
Dithmenos
Elyvilon
Fedhas
Gozag
Hepliaklqana
Kikubaaqudgha
Makhleb
Nemelex Xobeh
Qazlal
Ru
Trog
Vehumet
Wu Jian
Xom
Yredelemnul
Zin
The Shining One

Shops:
D:4 [

Annotations:
D:3 1 runed translucent door, Crazy Yiuf


Message History

You shoot an arrow.
The arrow hits the bombardier beetle but does no damage.
The bombardier beetle is moderately wounded.
The bombardier beetle waves its antennae.
The bombardier beetle barely misses you.
You shoot an arrow. The arrow hits the bombardier beetle.
The bombardier beetle is moderately wounded.
You shoot an arrow. The arrow hits the bombardier beetle!
The bombardier beetle is almost dead.
The bombardier beetle sprays incendiary fluid at you.
The burning spray hits you.
You are covered in liquid fire!
You shoot an arrow.
The arrow closely misses the bombardier beetle.
The liquid fire burns you! The bombardier beetle misses you.
You shoot an arrow. The arrow hits the bombardier beetle!
You kill the bombardier beetle!
The liquid fire burns you!
You shoot an arrow. The arrow barely misses the scorpion.
The liquid fire burns you! The scorpion closely misses you.
You shoot an arrow. The arrow hits the scorpion.
The scorpion is heavily wounded.
The liquid fire burns you! The scorpion completely misses you.
You shoot an arrow. The arrow hits the scorpion.
The scorpion is severely wounded.
The liquid fire burns you! The scorpion stings you.
You shoot an arrow. The arrow hits the scorpion.
The scorpion is almost dead.
The liquid fire burns you! The scorpion completely misses you.
You shoot an arrow.
The arrow hits the scorpion but does no damage.
The scorpion is almost dead.
The liquid fire burns you! The scorpion stings you!
You die...

### ##.############
####.............#
........########.#
###....## #.# #
#.#.## #.# ###.#.#
#.# ..# ....#.# #.#
#.# #####+# #@# #.#
#....s..# #####.###
#.#.).......#.......#
# ........#.#.......#
....##.#.#.#..#....#
...... ..............
##....# #.#.#..#....#
#..... .. #..##.#.#
#.......#


You could see a scorpion.

Vanquished Creatures
  Grinder (D:4)
  Menkaure (D:5)
  A scorpion (D:5)
  A bombardier beetle (D:5)
  3 hounds
  A sleepcap (D:4)
  9 adders
  A gnoll (D:5)
  A white imp (D:5)
  3 dart slugs
  A ribbon worm (D:2)
  An orc (D:3)
  6 endoplasms
  5 giant cockroaches
  10 goblins
  2 hobgoblins
  6 jackals
  4 quokkas
  9 ball pythons
  3 bats
  5 frilled lizards
  4 kobolds
  5 rats
83 creatures vanquished.

Notes
Turn   | Place    | Note
-------+----------+-------------------------------------------
     0 | D:1      | qw the Spriggan Hunter began the quest for the Orb.
     0 | D:1      | Reached XP level 1. HP: 10/10 MP: 2/2
     0 | D:1      | 0 ||| qw: Version: 0.3-a-155-g5e7d8dd
     0 | D:1      | 0 ||| qw: Game counter: 946
     0 | D:1      | 0 ||| qw: Melee chars always use a shield: true
     0 | D:1      | 0 ||| qw: God list: Okawaru
     0 | D:1      | 0 ||| qw: Allow faded altars: false
     0 | D:1      | 0 ||| qw: Do Orc after clearing Dungeon:15 true
     0 | D:1      | 0 ||| qw: Do second Lair branch before Depths: true
     0 | D:1      | 0 ||| qw: Lair rune preference: random
     0 | D:1      | 0 ||| qw: Goals: Normal
     0 | D:1      | 0 ||| PLANNING D:1-11
     7 | D:1      | Reached skill level 3 in Dodging
    85 | D:1      | Reached XP level 2. HP: 14/14 MP: 3/3
   484 | D:1      | 484 ||| DRINKING 2 grey potions.
   485 | D:1      | 485 ||| DRINKING 2 sedimented golden potions.
   486 | D:1      | 486 ||| DROPPING scroll of butterflies.
   487 | D:1      | 487 ||| DROPPING potion of invisibility.
   630 | D:2      | Reached XP level 3. HP: 15/18 MP: 4/4
  1191 | D:2      | 1191 ||| READING scroll labelled HOIQAT JANTAFOUG.
  1192 | D:2      | 1192 ||| READING 2 scrolls labelled LAUFIY ITHIDUI.
  1192 | D:2      | 1192 ||| IDENTIFYING bubbling dark potion
  1193 | D:2      | 1193 ||| READING scroll of identify.
  1193 | D:2      | 1193 ||| IDENTIFYING murky coppery potion
  1194 | D:2      | 1194 ||| READING scroll labelled GERHAS APHIG.
  1195 | D:2      | 1195 ||| READING scroll labelled KIFEFU MOZOPPA.
  1198 | D:2      | 1198 ||| DRINKING 2 metallic sapphire potions.
  1199 | D:2      | 1199 ||| DROPPING potion of attraction.
  1249 | D:3      | Found a broken altar of Ashenzari.
  1350 | D:3      | Found a radiant altar of Vehumet.
  1445 | D:3      | Reached XP level 4. HP: 22/22 MP: 5/5
  1467 | D:3      | Found a runed translucent door.
  1468 | D:3      | Noticed Crazy Yiuf
  1729 | D:3      | Found a faded altar of an unknown god.
  1936 | D:3      | Found a glowing silver altar of Zin.
  2043 | D:4      | Found a burning altar of Makhleb.
  2327 | D:4      | Reached XP level 5. HP: 27/27 MP: 6/6
  2337 | D:4      | Noticed Grinder
  2348 | D:4      | Killed Grinder
  2349 | D:4      | Reached skill level 6 in Ranged Weapons
  2349 | D:4      | Reached XP level 6. HP: 28/31 MP: 7/7
  2393 | D:4      | Found Ulajao's Armour Shop.
  2403 | D:4      | 2403 ||| SHOPLISTING +1 robe of cold resistance (139 gold,
                  | have 97).
  2403 | D:4      | 2403 ||| SHOPLISTING +2 hat (176 gold, have 97).
  2432 | D:4      | 2432 ||| READING scroll of identify.
  2432 | D:4      | 2432 ||| IDENTIFYING coppery potion
  2433 | D:4      | 2433 ||| READING 3 scrolls labelled POISOM MUWNIRU.
  2611 | D:4      | Found a staircase to the Ecumenical Temple.
  2612 | D:4      | 2612 ||| PLANNING TEMPLE
  2612 | D:4      | 2612 ||| READING scroll of identify.
  2612 | D:4      | 2612 ||| IDENTIFYING silvery potion
  2613 | D:4      | 2613 ||| DROPPING potion of berserk rage.
  2614 | D:4      | 2614 ||| DROPPING potion of degeneration.
  2615 | D:4      | 2615 ||| DROPPING 2 scrolls of vulnerability.
  2623 | Temple   | Entered the Ecumenical Temple
  2624 | Temple   | 2624 ||| PLANNING D:1-11
  2917 | D:4      | 2917 ||| READING scroll labelled LIHUUZ XUGGU.
  3005 | D:5      | Entered Level 5 of the Dungeon
  3006 | D:5      | 3006 ||| PLANNING SEWER
  3132 | D:5      | Reached skill level 6 in Dodging
  3220 | D:5      | Noticed Menkaure
  3221 | D:5      | 3221 ||| ZAPPING wand of flame (24) at -1,-6 (Menkaure;
                  | floor).
  3226 | D:5      | 3226 ||| RETREEEEATING.
  3227 | D:5      | 3227 ||| RETREEEEATING.
  3230 | D:5      | Reached XP level 7. HP: 34/35 MP: 8/8
  3230 | D:5      | 3230 ||| ZAPPING wand of flame (23) at 1,0 (Menkaure;
                  | floor).
  3231 | D:5      | 3231 ||| ZAPPING wand of flame (22) at 1,0 (Menkaure;
                  | floor).
  3232 | D:5      | 3232 ||| ZAPPING wand of flame (21) at 1,0 (Menkaure;
                  | floor).
  3233 | D:5      | 3233 ||| ZAPPING wand of flame (20) at 1,0 (Menkaure;
                  | floor).
  3234 | D:5      | 3234 ||| ZAPPING wand of flame (19) at 1,0 (Menkaure;
                  | floor).
  3234 | D:5      | Killed Menkaure
  3242 | D:5      | HP: 6/35 [scorpion (7)]
  3243 | D:5      | 3243 ||| READING scroll of teleportation.
  3244 | D:5      | 3244 ||| DRINKING 2 potions of heal wounds.
  3297 | D:5      | HP: 4/35 [burnt (5)]
  3297 | D:5      | Slain by a scorpion

Levels and vault maps discovered:
D:1:      minmay_arrival_nine_rooms, layout_basic
D:2:      layout_basic, nicolae_underground_beach
D:3:      layout_loops_ring, ashenzari_altar_1, lemuel_tele_altar,
          nicolae_vehumet_radiance, chequers_ecumenical_altar_simple_redux,
          uniq_crazy_yiuf_cottage
D:4:      layout_basic, mainiacjoe_overflow_six_doors_small,
          minmay_temple_entry_glassed_door, serial_shops, shop,
          nicolae_the_louvre, uniq_grinder
D:5:      layout_loops_corners, amcnicky_altar_gilded, portal_sewer_entry_e,
          minmay_ogre_servants, uniq_blork_the_orc, uniq_menkaure
Temple:   eino_temple_water

Skill      XL: |  1  2  3  4  5  6  7 |
---------------+----------------------+-----
Dodging        | 3 4 5 6 7 |  7.0
Ranged Weapons | 5 6 7 |  7.3
Fighting       | 2 |  2.3
Stealth        | |  1.5

Action                     |  1- 3 |  4- 6 |  7- 9 || total
---------------------------+-------+-------+-------++-------
   Fire: Shortbow          |   153 |   129 |    31 ||   313
  Evoke: Wand              |       |     1 |     5 ||     6
    Use: Potion            |     3 |       |     1 ||     4
         Scroll            |     5 |     4 |     1 ||    10
 Armour: Robe              |     9 |    19 |     3 ||    31
  Dodge: Dodged            |    84 |    61 |    29 ||   174

Table legend:
 A = Non-vault XP
 B = Vault XP
 C = Vault XP percentage of total XP
 D = Non-vault monster count
 E = Vault monster count
 F = Vault count percentage of total count
                 A         B        C        D         E       F
            +---------+---------+-------+---------+---------+-------
      Total |     553 |     461 |  45.5 |      81 |       2 |   2.4
            +---------+---------+-------+---------+---------+-------
        D:1 |      35 |       0 |   0.0 |      20 |       0 |   0.0
        D:2 |      36 |       0 |   0.0 |      15 |       0 |   0.0
        D:3 |      64 |       0 |   0.0 |      21 |       0 |   0.0
        D:4 |     143 |     286 |  66.7 |      16 |       1 |   5.9
        D:5 |     275 |     175 |  38.9 |       9 |       1 |  10.0
            +---------+---------+-------+---------+---------+-------
